 Dungeon Crawl Stone Soup version 0.32-a0-120-gfac0567ad4 (webtiles) character file.

Game seed: 6471305274535584694

3318 Ceno the Covert (level 10, -1/53 HPs)
             Began as a Vine Stalker Brigand on Feb 7, 2024.
             Slain by a wolf (4 damage)
             ... led by Grum
             ... on level 6 of the Dungeon.
             The game lasted 00:21:36 (5536 turns).

Ceno the Covert (Vine Stalker Brigand)              Turns: 5536, Time: 00:21:36

Health: -1/53      AC:  7    Str: 16    XL:     10   Next: 2%
Magic:  0/11       EV: 11    Int:  8    God:
Gold:   439        SH:  5    Dex: 20    Spells: 9/9 levels left

rFire   . . .        b - +1 short sword (venom)
rCold   . . .        (no shield)
rNeg    . . .        r - +2 leather armour "Trusted Companion" {Fly Str+2 Int-3}
rPois   .            (no helmet)
rElec   .            c - +0 cloak
rCorr   .            (no gloves)
SInv    +            y - +0 pair of boots
Will    +....        v - amulet of reflection
Stlth   ++++         m - ring of see invisible
HPRegen 1.08/turn    (no ring)
MPRegen 0.12/turn

%: reflection, guardian spirit
@: flying
A: fangs 3, regeneration 1, magic shield, antimagic bite, no potion heal 2
a: no special abilities


You were on level 6 of the Dungeon.
You visited 2 branches of the dungeon, and saw 9 of its levels.

You collected 439 gold pieces.

Inventory:

Hand Weapons
 a - a +2 dagger
 b - a +1 short sword of venom (weapon)
 u - a +0 rapier
Missiles
 d - 2 poisoned darts (quivered)
 n - 56 stones
 z - a throwing net
Armour
 c - a +0 cloak (worn)
 e - +0 acid dragon scales
 o - a +1 kite shield of positive energy
 r - the +2 leather armour "Trusted Companion" (worn) {Fly Str+2 Int-3}
   (You found it on level 3 of the Dungeon)

   Str+2:     It affects your strength (+2).
   Int-3:     It affects your intelligence (-3).
   Fly:       It grants you flight.
 t - a +0 robe
 y - a +0 pair of boots (worn)
Jewellery
 g - a ring of fire
 l - an amulet of the acrobat
 m - a ring of see invisible (left hand)
 v - an amulet of reflection (around neck)
 A - a ring of fire
 C - an amulet of regeneration
Wands
 E - a wand of flame (38)
 H - a wand of light (6)
Scrolls
 f - 3 scrolls of fear
 B - a scroll of vulnerability {unknown}
 G - a scroll of silence {unknown}
Potions
 h - 3 potions of curing
 i - 2 potions of mutation
 j - 4 potions of attraction
 k - a potion of brilliance {unknown}
 p - 2 potions of lignification {unknown}
 q - 3 potions of heal wounds {unknown}
 s - 2 potions of enlightenment {unknown}
 w - a potion of cancellation {unknown}
 D - a potion of degeneration {unknown}
 F - a potion of haste {unknown}


   Skills:
 + Level 6.6 Fighting
 + Level 6.6 Short Blades
 + Level 6.6 Throwing
 - Level 0.7 Dodging
 - Level 10.0 Stealth


You had 9 spell levels left.
You didn't know any spells.
Your spell library contained the following spells:

 Spells                   Type           Power      Damage    Failure   Level
 Freeze                   Ice            0%         1d3       47%         1
 Slow                     Hex            0%         N/A       47%         1
 Summon Small Mammal      Summ           0%         N/A       47%         1
 Ensorcelled Hibernation  Hex/Ice        0%         N/A       63%         2
 Jinxbite                 Hex            0%         N/A       63%         2
 Confusing Touch          Hex            0%         N/A       85%         3
 Frozen Ramparts          Ice            0%         1d1       85%         3
 Fugue of the Fallen      Necr           0%         N/A       85%         3
 Gell's Gravitas          Tloc           0%         N/A       85%         3
 Hailstorm                Conj/Ice       0%         3d5       85%         3
 Inner Flame              Hex/Fire       0%         N/A       85%         3
 Sigil of Binding         Hex            0%         N/A       85%         3
 Summon Ice Beast         Ice/Summ       0%         N/A       85%         3
 Teleport Other           Tloc           0%         N/A       85%         3
 Vampiric Draining        Necr           0%         2d6       85%         3
 Anguish                  Hex/Necr       0%         N/A       99%         4
 Cause Fear               Hex            0%         N/A       99%         4
 Flame Wave               Conj/Fire      0%         2d4       99%         4
 Sticky Flame             Fire/Alch      0%         2d4       99%         4
 Summon Mana Viper        Hex/Summ       0%         N/A       100%        5
 Yara's Violent Unravell  Hex/Alch       0%         3d3       100%        5
 Dispersal                Tloc           0%         N/A       100%        6
 Enfeeble                 Hex            0%         N/A       100%        7
 Monstrous Menagerie      Summ           0%         N/A       100%        7
 Spellforged Servitor     Conj/Summ      0%         N/A       100%        7
 Chain Lightning          Conj/Air       0%         N/A       100%        9
 Fire Storm               Conj/Fire      0%         5d1       100%        9
 Shatter                  Erth           0%         3d5*      100%        9


Dungeon Overview and Level Annotations

Branches:
Dungeon (8/15)             Temple (1/1) D:5
   Lair: D:8-11

Altars:
Ashenzari
Cheibriados
Dithmenos
Elyvilon
Fedhas
Gozag
Hepliaklqana
Kikubaaqudgha
Makhleb
Nemelex Xobeh
Okawaru
Qazlal
Ru
Sif Muna
Trog
Vehumet
Wu Jian
Xom
Yredelemnul
Zin
The Shining One

Annotations:
D:2 exclusion: black bear, Sigmund
D:7 1 runed translucent door, Menkaure; lucidstorm14's ghost, novice MiBe
D:8 exclusion: orc, Grum; Jeremiah


Innate Abilities, Weirdness & Mutations

You have razor-sharp teeth.
Your natural rate of healing is unusually fast.
When hurt, damage is shared between your health and your magic reserves.
Your bite disrupts and absorbs the magic of your enemies.
Potions cannot restore your health.


Message History

The gnoll barely misses you. The gnoll closely misses you.
The wolf bites you but does no damage.
Things that are here:
a +0 ring mail; a +0 dagger The gnoll barely misses you.
There is a stone staircase leading up here.
Your attacks no longer feel as feeble.
The wolf barely misses you. The gnoll hits you but does no damage.
The wolf closely misses you.
You fly upwards.
Level annotation: 1 runed translucent door, Menkaure; lucidstorm14's ghost, novice MiBe
There is a stone staircase leading down, spattered with blood here.
The gnoll attacks as it pursues you! The gnoll misses you. The wolf bites you!
* * * LOW HITPOINT WARNING * * *
The wolf attacks as it pursues you! The wolf bites you.
* * * LOW HITPOINT WARNING * * *
There is a stone staircase leading up here.
You block the wolf's attack. The wolf closely misses you.
You fly upwards.
There is a stone staircase leading down here.
You hit the wolf.
The wolf is moderately wounded.
The gnoll hits you but does no damage. The wolf bites you.
* * * LOW HITPOINT WARNING * * *
You miss the wolf. You punch the wolf. Your bite misses the wolf.
The wolf is heavily wounded.
The wolf completely misses you. The gnoll hits you with a +0 club.
* * * LOW HITPOINT WARNING * * *
You hit the wolf.
The wolf is poisoned.
Your bite misses the wolf.
The wolf is heavily wounded.
You block the wolf's attack.
You hit the wolf but do no damage.
The wolf looks as sick as possible!
The wolf is heavily wounded.
The wolf closely misses you. The gnoll closely misses you.
The wolf bites you but does no damage.
You hit the wolf but do no damage.
The wolf looks as sick as possible!
Your bite misses the wolf.
The wolf is severely wounded.
You block the gnoll's attack. The wolf bites you.
You die...

#..................##...#
#........[.###....###...#
#######.....#.......#...###
########.......#.......#
#......#.)))..########..
#........)†<....### ##.
#<........##.##...### #.
#.....g#####........# #.
####......@h......###### #.
#####.........#####.>.# #.
###.............# #.#.# ##
........##......# #.#.# #
...#######......# ##.#.## #
#### #......# #.....## #
####.### #.##...# ### #.#
##.##...# #[. #.#
#..###..### #.#


You could see a wolf (extremely poisoned) and a gnoll.

Vanquished Creatures
  A two-headed ogre (D:7)
  An acid dragon (D:8)
  2 water moccasins
  An orc warrior (D:7)
  A sky beast (D:7)
  3 wolves (D:8)
  A black bear (D:5)
  4 ice beasts
  A centaur (D:8)
  A phantom (D:7)
  3 bullfrogs
  A scorpion (D:5)
  A howler monkey (D:7)
  3 bombardier beetles (D:4)
  3 hounds
  3 gnoll boudas
  An orc priest (D:4)
  2 sleepcaps
  Jessica (D:2)
  5 orc wizards
  6 iguanas
  Robin (D:2)
  22 gnolls
  10 adders
  A white imp (D:7)
  2 dart slugs
  A ribbon worm (D:2)
  20 orcs
  10 ball pythons
  4 bats
  7 endoplasms
  4 giant cockroaches
  13 goblins
  5 hobgoblins
  2 jackals (D:3)
  7 kobolds
  4 quokkas
  A frilled lizard (D:3)
  7 rats
166 creatures vanquished.

Notes
Turn   | Place    | Note
-------+----------+-------------------------------------------
     0 | D:1      | Ceno the Vine Stalker Brigand began the quest for the Orb.
     0 | D:1      | Reached XP level 1. HP: 11/11 MP: 2/2
   286 | D:1      | Reached skill level 5 in Stealth
   286 | D:1      | Reached XP level 2. HP: 15/15 MP: 3/3
   551 | D:2      | Noticed Jessica
   620 | D:2      | Found a faded altar of an unknown god.
   620 | D:2      | Noticed a black bear
   659 | D:2      | Reached XP level 3. HP: 18/18 MP: 4/4
   750 | D:2      | Noticed Robin
   782 | D:1      | Reached XP level 4. HP: 21/23 MP: 3/5
   807 | D:2      | Killed Robin
   966 | D:2      | Noticed Sigmund
  1014 | D:2      | Killed Jessica
  1017 | D:2      | Reached XP level 5. HP: 25/27 MP: 6/6
  1319 | D:3      | Identified the +2 leather armour "Trusted Companion" {Fly
                  | Str+2 Int-3}
  1563 | D:3      | Reached skill level 6 in Stealth
  1713 | D:3      | Found an ornate altar of the Wu Jian Council.
  1724 | D:3      | Identified the +3 whip of Circularity {flame, Fly}
  2002 | D:4      | Reached XP level 6. HP: 26/32 MP: 5/7
  2094 | D:4      | Noticed a water moccasin
  2370 | D:4      | Found a white marble altar of Elyvilon.
  2721 | D:5      | Entered Level 5 of the Dungeon
  2837 | D:4      | Killed a water moccasin
  2838 | D:4      | Reached XP level 7. HP: 34/37 MP: 6/8
  2986 | D:4      | Reached skill level 7 in Stealth
  3095 | D:5      | Identified the +0 helmet "Voas" {rN+ Str+5 Stlth-}
  3378 | D:5      | Found a staircase to the Ecumenical Temple.
  3406 | Temple   | Entered the Ecumenical Temple
  3417 | D:5      | Gained mutation: You have razor-sharp teeth. [Vine Stalker
                  | growth]
  3417 | D:5      | Reached XP level 8. HP: 8/42 MP: 1/9
  4023 | D:6      | Reached skill level 8 in Stealth
  4069 | D:6      | Got Myonk's Dissertation on the Entourage and Cleavage
  4175 | D:5      | Reached skill level 5 in Fighting
  4199 | D:6      | Reached skill level 5 in Short Blades
  4201 | D:6      | Reached skill level 5 in Throwing
  4284 | D:6      | Found a shadowy altar of Dithmenos.
  4516 | D:7      | Found a shimmering altar of Xom.
  4517 | D:7      | Found a shimmering altar of Xom.
  4518 | D:7      | Found a shimmering altar of Xom.
  4518 | D:7      | Found a shimmering altar of Xom.
  4519 | D:7      | Found a shimmering altar of Xom.
  4519 | D:7      | Found a shimmering altar of Xom.
  4525 | D:7      | Found a shimmering altar of Xom.
  4528 | D:7      | Noticed Menkaure
  4607 | D:7      | Reached XP level 9. HP: 47/47 MP: 10/10
  4634 | D:7      | Found a runed translucent door.
  4643 | D:7      | Noticed lucidstorm14's ghost (novice MiBe)
  4673 | D:7      | Reached skill level 9 in Stealth
  4752 | D:7      | Noticed a two-headed ogre
  4775 | D:7      | Killed a two-headed ogre
  4850 | D:7      | Identified the +4 sling of Bile {freeze, rF+ Stlth+}
  5242 | D:8      | Noticed Jeremiah
  5381 | D:8      | Reached skill level 10 in Stealth
  5462 | D:8      | Noticed Grum
  5473 | D:8      | Noticed an unseen horror
  5486 | D:8      | Reached XP level 10. HP: 22/53 MP: 4/11
  5496 | D:8      | HP: 1/53 [unseen horror (7)]
  5503 | D:8      | HP: 1/53 [wolf[Grum] (4)]
  5517 | D:8      | HP: 2/53 [bullfrog (5)]
  5532 | D:6      | HP: 1/53 [wolf[Grum] (6)]
  5536 | D:6      | Slain by a wolf

Illustrated notes

Levels and vault maps discovered:
D:1:      orjb1_lava_funnel, layout_loops_ring
D:2:      layout_rooms, shapermc_ecumenical_altar_pompeii,
          kennysheep_nondescript, uniq_robin, uniq_sigmund, uniq_jessica
D:3:      minmay_general_purpose_star, layout_loops_ring,
          nicolae_wu_jian_glorious_leap
D:4:      layout_basic, mainiacjoe_overflow_brackets
D:5:      layout_loops_ring, minmay_temple_entry_antechambers
D:6:      layout_rooms, lemuel_round_altar
D:7:      layout_rooms, xom_shifter_show, hellmonk_ghost_happy_afterlife,
          uniq_menkaure
D:8:      layout_rooms, nicolae_uskayaw_dance_studio, serial_park_tiny_1,
          uniq_jeremiah, uniq_grum
Temple:   minmay_crystal_spiral_temple

Skill      XL: |  1  2  3  4  5  6  7  8  9 |
---------------+----------------------------+-----
Stealth        | 5 6 7 8 10 | 10.0
Fighting       | 2 3 4 5 6 |  6.6
Short Blades   | 2 3 4 5 6 |  6.6
Throwing       | 2 3 4 5 6 |  6.6
Dodging        | |  0.7

Action                     |  1- 3 |  4- 6 |  7- 9 | 10-12 || total
---------------------------+-------+-------+-------+-------++-------
  Melee: Dagger            |    64 |    95 |    59 |       ||   218
         Bite              |    13 |    35 |    91 |     2 ||   141
         Punch             |     1 |     7 |    28 |     3 ||    39
         Short sword       |       |    76 |   220 |    12 ||   308
  Throw: Dart              |       |    17 |    52 |       ||    69
  Evoke: Wand              |       |       |     2 |       ||     2
    Use: Scroll            |       |     2 |     5 |       ||     7
   Stab: Sleeping          |    10 |    17 |    13 |       ||    40
 Armour: Robe              |    24 |    24 |       |       ||    48
         Leather armour    |       |    54 |   147 |    37 ||   238
  Dodge: Dodged            |    23 |    82 |   117 |    27 ||   249
  Block: Other             |       |    17 |    60 |     5 ||    82
         Reflection        |       |       |     3 |       ||     3

Table legend: (Time is in decaauts)
 A = Elapsed time spent in this place.
 B = Non-inter-level travel time spent in this place.
 C = Inter-level travel time spent in this place.
 D = Time resting spent in this place.
 E = Time spent auto-exploring this place.
 F = Levels seen in this place.
 G = Mean time per level.
                   A        B        C        D        E       F      G
               +--------+--------+--------+--------+--------+-----+--------+
         Total |   5394 |   5086 |    308 |    169 |   2813 |   9 |  599.3 |
       Dungeon |   5392 |   5084 |    308 |    169 |   2813 |   8 |  674.0 |
        Temple |      1 |      1 |      0 |      0 |      0 |   1 |    1.0 |
               +--------+--------+--------+--------+--------+-----+--------+

Top non-repeatable levels by time:
     D:5: 1015 daAuts
     D:4: 862 daAuts
     D:3: 802 daAuts
     D:7: 641 daAuts
     D:1: 599 daAuts
     D:2: 553 daAuts
     D:6: 498 daAuts
     D:8: 419 daAuts
  Temple: 1 daAuts
